 Dungeon Crawl Stone Soup version 0.22.0-25-g7663229 (webtiles) character file.

56 Lauz the Magician (level 3, -1/26 HPs)
             Began as a Draconian Wizard on Aug 20, 2018.
             Was an Initiate of Sif Muna.
             Killed by divine providence
             ... invoked by an orc priest
              (11 damage)
             ... on level 3 of the Dungeon.
             The game lasted 00:08:39 (2392 turns).

Lauz the Magician (Draconian Wizard)                Turns: 2392, Time: 00:08:40

Health: -1/26      AC:  5    Str:  7 (9)  XL:     3   Next: 69%
Magic:  3/8        EV: 12    Int: 16 (19) God:    Sif Muna [......]
Gold:   134        SH:  0    Dex:  7 (9)  Spells: 6/9 levels left

rFire    . . .     SeeInvis .   b - -2 dagger (curse)
rCold    . . .     Gourm    .   (no shield)
rNeg     . . .     Faith    .   (armour unavailable)
rPois    .         Spirit   .   a - +0 hat
rElec    .         Reflect  .   (no cloak)
rCorr    .         Harm     .   (no gloves)
MR       .....                  (no boots)
Stlth    +.........             (no amulet)
HPRegen  0.08/turn              (no ring)
MPRegen  0.11/turn              (no ring)

@: very slightly contaminated
A: unfitting armour, cold-blooded, AC +5
a: Renounce Religion


You were on level 3 of the Dungeon.
You worshipped Sif Muna.
Sif Muna was noncommittal.
You were hungry.

You visited 1 branch of the dungeon, and saw 3 of its levels.

You collected 134 gold pieces.

Inventory:

Hand Weapons
 b - a cursed -2 dagger (weapon)
 d - a +3 dagger
Armour
 a - a +0 hat (worn)
 j - a +0 buckler
Jewellery
 f - an uncursed ring of flight {unknown}
Scrolls
 e - a scroll of blinking {unknown}
 g - 2 scrolls of teleportation {unknown}
 h - 2 scrolls of fog {unknown}
 i - a scroll of identify
Potions
 k - a potion of berserk rage {unknown}
Comestibles
 c - 7 rations


   Skills:
 - Level 1.7 Dodging
 - Level 1.7 Stealth
 + Level 3.9 Spellcasting
 * Level 2.3 Conjurations
   Level 1.0 Summonings
 - Level 1.0 Translocations


You had 6 spell levels left.
You knew the following spells:

 Your Spells              Type           Power        Failure   Level  Hunger
a - Magic Dart            Conj           ##..         6%          1    None
b - Blink                 Tloc           N/A          17%         2    ##.....

Your spell library contained the following spells:

 Spells                   Type           Power        Failure   Level  Hunger
 Call Imp                 Summ           #.......     17%         2    ##.....
 Slow                     Hex            #.......     26%         2    ##.....
 Conjure Flame            Conj/Fire      #.......     30%         3    ###....
 Mephitic Cloud           Conj/Pois/Air  #.......     36%         3    ###....


Dungeon Overview and Level Annotations

Branches:
Dungeon (3/15)

Altars:
Fedhas
Hepliaklqana
Okawaru
Sif Muna


Innate Abilities, Weirdness & Mutations

Your plain brown scales are hard. (AC +5)
You cannot fit into any form of body armour.
You are cold-blooded and may be slowed by cold attacks.


Message History

You don't have enough magic to cast that spell.
The orc priest calls upon Beogh to heal the orc priest.
The orc priest's wounds heal themselves!
It was a potion of curing.
You feel better.
The orc priest hits you but does no damage.
You feel better.
The orc priest mumbles some strange prayers to Beogh against you.
Beogh smites you!
The orc priest looks braver for a moment.
Found a scroll labeled ZIBAYHA ZOPA and 13 gold pieces.
You see here a scroll labeled ZIBAYHA ZOPA.
h - 2 scrolls labeled ZIBAYHA ZOPA (gained 1)
You see here 13 gold pieces.
You now have 134 gold pieces (gained 13).
The orc hits you but does no damage.
An orc opens the door.
Found 14 gold pieces and a robe.
The orc priest calls down the wrath of Beogh upon you.
Beogh smites you!
You die...

#...# #..[# #...# #...#
#...# # ... $. #.###.###.
#@........ #+ #..#......
##### #.####o........
#...# #.....o..#....#
#.#o# #.............. #
#.#.# #....o....#..#.
#.#.#.# #..............
#.#.#o#.###..........##..
#.....#................ .


You could see 2 orc priests and an orc.

Vanquished Creatures
  2 adders (D:2)
  2 dart slugs
  A leopard gecko (D:1)
  A ball python (D:2)
  A giant cockroach (D:2)
  5 goblins
  A hobgoblin (D:2)
  9 kobolds
  3 quokkas
  5 bats
  4 rats
34 creatures vanquished.

Notes
Turn   | Place    | Note
-------+----------+-------------------------------------------
     0 | D:1      | Lauz the Draconian Wizard began the quest for the Orb.
     0 | D:1      | Reached XP level 1. HP: 14/14 MP: 4/4
   396 | D:1      | Reached XP level 2. HP: 20/20 MP: 6/6
  1013 | D:1      | HP: 1/20 [poisoned by an adder]
  1358 | D:1      | Learned a level 2 spell: Blink
  1475 | D:2      | Reached XP level 3. HP: 13/26 MP: 1/8
  1903 | D:2      | Found a deep blue altar of Sif Muna.
  1907 | D:2      | Became a worshipper of Sif Muna the Loreminder
  2130 | D:2      | Found a blossoming altar of Fedhas.
  2136 | D:2      | Found a hazy altar of Hepliaklqana.
  2139 | D:2      | Found an iron altar of Okawaru.
  2392 | D:3      | Killed from afar by an orc priest

Skill      XL: |  1  2  3 |
---------------+----------+-----
Conjurations   | 2 |  2.3
Dodging        | |  1.7
Stealth        | |  1.7
Spellcasting   | |  3.9
Summonings     | |  1.0
Translocations | |  1.0

Action                   || total
-------------------------++-------
Melee: Dagger            ||    40
       Tailslap          ||     4
 Cast: Magic Dart        ||    76
       Blink             ||     3
  Use: Scroll            ||     1
       Potion            ||     3
 Stab: Sleeping          ||     2
  Eat: Chunk             ||     4
Armor: Skin              ||    42
Dodge: Dodged            ||    60
